 Dungeon Crawl Stone Soup version 0.21-a0-507-ga8f6b7a (webtiles) character file.

30 slep the Poker (level 3, 0/28 HPs)
             Began as a Formicid Gladiator on Nov 28, 2017.
             Slain by a jelly (3 damage)
             ... on level 5 of the Dungeon.
             The game lasted 00:04:39 (1413 turns).

slep the Poker (Formicid Gladiator)                 Turns: 1413, Time: 00:04:39

Health: 0/28       AC: -3    Str: 18    XL:     3   Next: 35%
Magic:  3/3        EV:  5    Int:  7    God:
Gold:   49         SH: 11    Dex: 13    Spells: 2/2 levels left

rFire    . . .     SeeInvis +   a - +0 trident
rCold    . . .     Gourm    .   s - +0 large shield
rNeg     . . .     Faith    .   i - +0 chain mail
rPois    .         Spirit   .   (helmet unavailable)
rElec    .         Reflect  .   (no cloak)
rCorr    .         Harm     .   (no gloves)
MR       .....                  (no boots)
Stlth    ..........             (no amulet)
HPRegen  0.09/turn              n - +2 ring of evasion
MPRegen  0.08/turn              (no ring)

@: corroded
A: permanent stasis, dig shafts and tunnels, four strong arms, antennae 3
a: Dig, Shaft Self


You were on level 5 of the Dungeon.
You were not hungry.

You visited 1 branch of the dungeon, and saw 4 of its levels.

You collected 49 gold pieces.

Inventory:

Hand Weapons
 a - a +0 trident (weapon)
Missiles
 c - 3 throwing nets (quivered)
Armour
 b - a +0 leather armour
 i - a +0 chain mail (worn)
 s - a +0 large shield (worn)
Jewellery
 n - a +2 ring of evasion (left hand)
Scrolls
 g - 2 scrolls of fear {unknown}
 j - 2 scrolls of teleportation {unknown}
 k - 3 scrolls of identify {unknown}
 l - a scroll of magic mapping {unknown}
 m - a scroll of immolation {unknown}
 o - a scroll of blinking {unknown}
 p - 2 scrolls of remove curse {unknown}
 q - a scroll of random uselessness {unknown}
 r - a scroll of amnesia {unknown}
Potions
 e - 4 potions of curing {unknown}
Comestibles
 d - 3 bread rations
 f - a meat ration
 h - a royal jelly
 t - a chunk of flesh


   Skills:
 + Level 2.6 Fighting
 + Level 3.6 Polearms
 + Level 2.2 Throwing
 + Level 0.1 Armour
 + Level 2.9 Dodging


You had 2 spell levels left.
You didn't know any spells.

Dungeon Overview and Level Annotations

Branches:
Dungeon (4/15)
 Temple: D:4-7

Altars:
Makhleb
Yredelemnul
The Shining One


Innate Abilities, Weirdness & Mutations

You cannot be hasted, slowed, berserked, paralysed or teleported.
You can dig through walls and to a lower floor.
Your four strong arms can wield two-handed weapons with a shield.
You have a pair of large antennae on your head. (SInv)


Message History

You closely miss the crimson imp.
The crimson imp blinks!
You puncture the jelly!
Your hands burn!
The jelly is heavily wounded.
You block the jelly's attack.
The crimson imp blinks!
You hit the jelly. The acid corrodes you!
Your hands burn!
The jelly is heavily wounded.
You block the jelly's attack. The jelly barely misses you.
You hit the jelly. The acid corrodes you!
Your hands burn!
The jelly is severely wounded.
The crimson imp hits you. The jelly hits you. The acid corrodes you!
You are splashed with acid!
The acid burns!
You hit the jelly.
Your hands burn!
The jelly is severely wounded.
The crimson imp blinks!
The jelly hits you.
You are splashed with acid!
The acid burns!
* * * LOW HITPOINT WARNING * * *
Your shield and chain mail prevent you from hitting the jelly.
The jelly is severely wounded.
The jelly hits you.
You die...

...........<#
#...........#
#...........#
#...........#
#.......5...#
#...........#
#...........#
#......J....#
#.......@...#
#...........#
#...........#
#.>.....(...#
#############


You could see a jelly and a crimson imp.

Vanquished Creatures
  3 leopard geckos
  3 giant cockroaches
  A hobgoblin (D:1)
  3 jackals (D:1)
  A ball python (D:1)
  4 bats
  A frilled lizard (D:1)
  5 kobolds
  6 rats
27 creatures vanquished.

Notes
Turn   | Place    | Note
-------+----------+-------------------------------------------
     0 | D:1      | slep the Formicid Gladiator began the quest for the Orb.
     0 | D:1      | Reached XP level 1. HP: 16/16 MP: 1/1
   285 | D:1      | Reached XP level 2. HP: 22/22 MP: 2/2
   823 | D:2      | Reached XP level 3. HP: 28/28 MP: 3/3
   903 | D:2      | Found a basalt altar of Yredelemnul.
  1048 | D:2      | Found a glowing golden altar of the Shining One.
  1130 | D:2      | You fall through a shaft for 2 floors!
  1302 | D:4      | Found a burning altar of Makhleb.
  1402 | D:4      | You fall through a shaft!
  1402 | D:5      | Entered Level 5 of the Dungeon
  1413 | D:5      | Slain by a jelly

Vault maps used:
D:1:      noname_arrival_rooms_in_the_neighbourhood
D:2:      grunt_temple_overflow_holy_war, chequers_temple_overflow_minitemple,
          minmay_item_behind_shaft, kennysheep_generic_room_2
D:4:      kennysheep_diamond
D:5:      first_bread

Action                   || total
-------------------------++-------
Melee: Trident           ||    90
  Eat: Chunk             ||     2
Armor: Leather armour    ||     6
       Chain mail        ||    38
Dodge: Dodged            ||    39
Block: Large shield      ||    13

Table legend:
 A = Spawn XP
 B = Non-spawn XP
 C = Spawn XP percentage of total XP
 D = Spawn monster count
 E = Non-spawn monster count
 F = Spawn count percentage of total count
 G = Total turns spent on level
                    A         B        C        D         E        F      G
               +---------+---------+-------+---------+---------+-------+---------
         Total |       0 |      43 |   0.0 |       0 |      27 |   0.0 |  1413
               +---------+---------+-------+---------+---------+-------+---------
           D:1 |       0 |      23 |   0.0 |       0 |      15 |   0.0 |   817
           D:2 |       0 |      13 |   0.0 |       0 |       9 |   0.0 |   313
           D:4 |       0 |       7 |   0.0 |       0 |       3 |   0.0 |   272
               +---------+---------+-------+---------+---------+-------+---------
